 Dungeon Crawl Stone Soup version 0.29.1-13-g9f3cf754e1 (webtiles) character file.

Game seed: 8840333782879168125

47 ANNNA the Digger (level 3, -7/26 HPs)
             Began as a Gnoll Earth Elementalist on Jan 30, 2023.
             Mangled by Terence
             ... wielding a +0 flail
              (16 damage)
             ... on level 2 of the Dungeon on Feb 4, 2023.
             The game lasted 00:11:21 (1089 turns).

ANNNA the Digger (Gnoll Earth Elementalist)         Turns: 1089, Time: 00:11:22

Health: -7/26      AC:  2    Str:  9    XL:     3   Next: 70%
Magic:  4/9        EV: 13    Int: 14    God:
Gold:   83         SH:  0    Dex: 12    Spells: 6/12 levels left

rFire   . . .      SeeInvis .   c - +0 war axe
rCold   . . .      Faith    .   l - orb {light}
rNeg    . . .      Spirit   .   a - +0 robe
rPois   .          Reflect  .   (no helmet)
rElec   .          Harm     .   (no cloak)
rCorr   .          Rampage  .   (no gloves)
Will    .....                   (no boots)
Stlth   +.........              (no amulet)
HPRegen 0.08/turn               (no ring)
MPRegen 0.11/turn               (no ring)

@: glowing
A: fangs 1, strong nose, distributed training
a: no special abilities


You were on level 2 of the Dungeon.
You visited 1 branch of the dungeon, and saw 2 of its levels.

You collected 83 gold pieces.

Inventory:

Hand Weapons
 c - a +0 war axe (weapon)
Missiles
 d - 24 stones
 e - 3 poisoned darts
Armour
 a - a +0 robe (worn)
 l - an orb of light (worn)
Scrolls
 g - 2 scrolls of identify {unknown}
 h - a scroll of fog {unknown}
 i - a scroll of torment {unknown}
Potions
 b - a potion of magic
 f - 2 potions of curing {unknown}
 j - a potion of degeneration {unknown}
 k - 2 potions of lignification {unknown}
 m - a potion of mutation {unknown}


   Skills:
 + Level 1.0 Fighting
 + Level 1.0 Short Blades
 + Level 1.0 Long Blades
 + Level 1.0 Axes
 + Level 1.0 Maces & Flails
 + Level 1.0 Polearms
 + Level 1.0 Staves
 + Level 1.0 Ranged Weapons
 + Level 1.0 Throwing
 + Level 1.0 Armour
 + Level 4.6 Dodging
 + Level 4.2 Stealth
 + Level 1.0 Shields
 + Level 1.0 Unarmed Combat
 + Level 5.0 Spellcasting
 + Level 0.7 Conjurations
 + Level 0.7 Hexes
 + Level 0.7 Summonings
 + Level 0.7 Necromancy
 + Level 0.7 Translocations
 + Level 2.1 Transmutations
 + Level 0.7 Fire Magic
 + Level 0.7 Ice Magic
 + Level 0.7 Air Magic
 + Level 5.4 Earth Magic
 + Level 0.7 Poison Magic
 + Level 1.0 Invocations
 + Level 1.0 Evocations


You had 6 spell levels left.
You knew the following spells:

 Your Spells              Type           Power      Damage    Failure   Level
a - Sandblast             Erth           36%        2d10      1%          1
b - Passwall              Tmut/Erth      11%        N/A       5%          2
c - Stone Arrow           Conj/Erth      24%        3d8       14%         3

Your spell library contained the following spells:

 Spells                   Type           Power      Damage    Failure   Level
 Call Canine Familiar     Summ           5%         N/A       36%         3
 Portal Projectile        Hex/Tloc       10%        N/A       36%         3
 Petrify                  Tmut/Erth      14%        N/A       36%         4
 Leda's Liquefaction      Hex/Erth       6%         N/A       43%         4


Dungeon Overview and Level Annotations

Branches:
Dungeon (2/15)

Altars:

Annotations:
D:2 Robin, Terence


Innate Abilities, Weirdness & Mutations

You have very sharp teeth.
Your uncanny sense of smell can sniff out nearby items.
Your experience applies equally to all skills.


Message History

Your Unarmed Combat skill increases to level 1!
Your Evocations skill increases to level 1!
Casting: Sandblast (safe; 1% risk of failure)
Confirm with . or Enter, or press ? or * to list all spells.
Aiming: Passwall (safe; 5% risk of failure)
Press: ? - help, Dir - move target A rock wall.
This square is lit by a halo.
This rock feels extremely deep.
Casting: Passwall (safe; 5% risk of failure)
Confirm with . or Enter, or press ? or * to list all spells.
Aiming: Sandblast (safe; 1% risk of failure)
Press: ? - help, Shift-Dir - straight line, f - Terence
Aim: Terence, wielding a +0 flail and wearing a +0 scale mail (haloed, 88% to hit)
The blast of sand hits the goblin!!
You kill the goblin!
Terence attacks as you move away! Terence hits you with a +0 flail!
Terence drinks a potion.
Terence goes berserk!
Casting: Sandblast (safe; 1% risk of failure)
Confirm with . or Enter, or press ? or * to list all spells.
Aiming: Sandblast (safe; 1% risk of failure)
Press: ? - help, Shift-Dir - straight line, f/p - Terence
Aim: Terence, wielding a +0 flail and wearing a +0 scale mail (berserk, haloed, 88% to hit)
The blast of sand hits Terence!
Terence is moderately wounded.
Terence rages.
Terence hits you with a +0 flail.
Casting: Sandblast (safe; 1% risk of failure)
Confirm with . or Enter, or press ? or * to list all spells.
Aiming: Sandblast (safe; 1% risk of failure)
Press: ? - help, Shift-Dir - straight line, f/p - Terence
Aim: Terence, wielding a +0 flail and wearing a +0 scale mail (moderately wounded, berserk, haloed, 88% to hit)
The blast of sand hits Terence.
Terence is heavily wounded.
Terence closely misses you. Terence barely misses you.
You hit Terence but do no damage.
Terence is heavily wounded.
Terence hits you with a +0 flail!
Ouch! That really hurt!
You die...

###########################
#........)g@@.............#
#.#######################.#
#.# #.# #g# #.# ### #.# #.#
... #@# #.# ...##.# #.#
..g'g.# #.# ...#### .# #.#


You could see Terence (berserk) and Robin.

Vanquished Creatures
  A dart slug (D:1)
  2 ball pythons
  A bat (D:1)
  4 endoplasms
  3 giant cockroaches
  8 goblins
  7 hobgoblins
  5 jackals
  A kobold (D:1)
  A frilled lizard (D:1)
  3 rats (D:1)
36 creatures vanquished.

Vanquished Creatures (others)
  A ghoul (D:1)
  An octopode (D:1)
  A vine stalker (D:1)
  An elf (D:1)
  A troll (D:1)
  2 merfolk (D:1)
  A vampire (D:1)
  A naga (D:1)
  A dwarf (D:1)
  A gnoll (D:1)
  An orc (D:1)
  4 tentacles (D:1)
16 creatures vanquished.

Grand Total: 52 creatures vanquished

Notes
Turn   | Place    | Note
-------+----------+-------------------------------------------
     0 | D:1      | ANNNA the Gnoll Earth Elementalist began the quest for the
                  | Orb.
     0 | D:1      | Reached XP level 1. HP: 13/13 MP: 6/6
     0 | D:1      | Noticed a naga
     0 | D:1      | Noticed a merfolk
     0 | D:1      | Noticed a ghoul
     0 | D:1      | Noticed an octopode
     0 | D:1      | Noticed an elf
     0 | D:1      | Noticed a kraken
     0 | D:1      | Noticed a merfolk
     0 | D:1      | Noticed a vampire
     0 | D:1      | Noticed a troll
     0 | D:1      | Noticed a vine stalker
     0 | D:1      | Noticed a dwarf
     3 | D:1      | Killed a troll
     3 | D:1      | Killed an elf
     4 | D:1      | Killed a vampire
     6 | D:1      | Killed a naga
     7 | D:1      | Killed a dwarf
     7 | D:1      | Killed a vine stalker
     9 | D:1      | Killed a ghoul
     9 | D:1      | Killed a merfolk
    10 | D:1      | Killed an octopode
    11 | D:1      | Killed a merfolk
    34 | D:1      | Reached XP level 2. HP: 16/20 MP: 0/7
   148 | D:1      | Learned a level 2 spell: Passwall
   530 | D:1      | Reached skill level 5 in Spellcasting
   530 | D:1      | Reached XP level 3. HP: 25/25 MP: 6/9
   771 | D:2      | Learned a level 3 spell: Stone Arrow
   912 | D:2      | Reached skill level 1 in Invocations
   937 | D:2      | Noticed Terence
  1064 | D:2      | Identified the +1 helmet "Bigyrr" {rC+}
  1064 | D:2      | Noticed Robin
  1076 | D:2      | Reached skill level 1 in Fighting
  1076 | D:2      | Reached skill level 1 in Short Blades
  1076 | D:2      | Reached skill level 1 in Long Blades
  1076 | D:2      | Reached skill level 1 in Axes
  1076 | D:2      | Reached skill level 1 in Maces & Flails
  1076 | D:2      | Reached skill level 1 in Polearms
  1076 | D:2      | Reached skill level 1 in Staves
  1076 | D:2      | Reached skill level 1 in Ranged Weapons
  1076 | D:2      | Reached skill level 1 in Throwing
  1076 | D:2      | Reached skill level 1 in Armour
  1076 | D:2      | Reached skill level 1 in Shields
  1076 | D:2      | Reached skill level 1 in Unarmed Combat
  1076 | D:2      | Reached skill level 1 in Evocations
  1089 | D:2      | Mangled by Terence

Illustrated notes

Levels and vault maps discovered:
D:1:      nicolae_arrival_kraken_aquarium_a, layout_rooms, nicolae_hexahallways,
          minmay_pentomino_z4
D:2:      layout_basic, uniq_terence, uniq_robin

Skill      XL: |  1  2  3 |
---------------+----------+-----
Transmutations | 2 |  2.1
Spellcasting   | 5 |  5.0
Invocations    | 1 |  1.0
Fighting       | 1 |  1.0
Short Blades   | 1 |  1.0
Long Blades    | 1 |  1.0
Axes           | 1 |  1.0
Maces & Flails | 1 |  1.0
Polearms       | 1 |  1.0
Staves         | 1 |  1.0
Ranged Weapons | 1 |  1.0
Throwing       | 1 |  1.0
Armour         | 1 |  1.0
Shields        | 1 |  1.0
Unarmed Combat | 1 |  1.0
Evocations     | 1 |  1.0
Dodging        | |  4.6
Stealth        | |  4.2
Conjurations   | |  0.7
Hexes          | |  0.7
Summonings     | |  0.7
Necromancy     | |  0.7
Translocations | |  0.7
Fire Magic     | |  0.7
Ice Magic      | |  0.7
Air Magic      | |  0.7
Earth Magic    | |  5.4
Poison Magic   | |  0.7

Action                   || total
-------------------------++-------
Melee: War axe           ||    10
       Bite              ||     2
 Cast: Sandblast         ||    42
       Stone Arrow       ||     1
       Passwall          ||     1
 Stab: Distracted        ||     1
Armor: Robe              ||     3
Dodge: Dodged            ||    17
